 Dungeon Crawl Stone Soup version 0.25-a0-668-gea548f19b6 (webtiles) character file.

Game seed: 1710913288081789603, levelgen mode: deterministic

289 Alarkh the Slasher (level 6, 46/47 HPs)
             Began as a Demonspawn Fighter on Mar 28, 2020.
             Got out of the dungeon alive.
             The game lasted 00:02:39 (2394 turns).

Alarkh the Slasher (Demonspawn Fighter)             Turns: 2394, Time: 00:02:40

Health: 46/47      AC:  7    Str: 17    XL:     6   Next: 9%
Magic:  6/6        EV:  6    Int: 11    God:
Gold:   150        SH:  8    Dex: 12    Spells: 5/5 levels left

rFire    . . .     SeeInvis .   o - +2 long sword (distort)
rCold    . . .     Gourm    .   c - +0 kite shield
rNeg     + . .     Faith    .   b - +0 scale mail
rPois    .         Spirit   .   (no helmet)
rElec    .         Reflect  .   (no cloak)
rCorr    .         Harm     .   l - +0 pair of gloves
MR       .....                  (no boots)
Stlth    ..........             (no amulet)
HPRegen  0.15/turn              e - ring of positive energy
MPRegen  0.10/turn              (no ring)

@: no status effects
A: spiny 1, sanguine armour 1
a: no special abilities


You escaped.
You were not hungry.

You visited 1 branch of the dungeon, and saw 3 of its levels.

You collected 150 gold pieces.

Inventory:

Hand Weapons
 a - a +0 long sword
 o - a +2 long sword of distortion (weapon)
Armour
 b - a +0 scale mail (worn)
 c - a +0 kite shield (worn)
 l - a +0 pair of gloves (worn)
Magical Staves
 t - an uncursed staff of power {unknown}
Jewellery
 e - a ring of positive energy (left hand)
 g - an uncursed ring of fire
Wands
 u - a wand of iceblast (4)
Scrolls
 j - 3 scrolls of identify {unknown}
 k - 2 scrolls of teleportation {unknown}
 m - a scroll of magic mapping {unknown}
 n - 2 scrolls of remove curse {unknown}
 p - a scroll of enchant weapon {unknown}
Potions
 d - a potion of might
 h - a potion of curing
 i - a potion of heal wounds {unknown}
 q - 2 potions of haste {unknown}
 r - a potion of berserk rage {unknown}
Comestibles
 f - 5 rations


   Skills:
 - Level 3.0 Fighting
 + Level 5.9 Long Blades
 - Level 2.6 Armour
 - Level 2.6 Shields


You had 5 spell levels left.
You didn't know any spells.
Your spell library was empty.

Dungeon Overview and Level Annotations

Branches:
Dungeon (3/15)

Altars:
Qazlal
Ru


Innate Abilities, Weirdness & Mutations

You are partially covered in sharp spines.
When seriously injured, your bleeding wounds create armour. (AC +0)


Message History

You feel a bit more experienced.
Your blood congeals into armour.
Eating one of 5 chunks of flesh.
You eat one of the 5 chunks of flesh.
This raw flesh tastes terrible.
Your blood armour dries and flakes away.
There is a stone staircase leading up here.
You climb upwards.
There is a stone staircase leading down here.
HP restored.
All of the chunks of flesh in your inventory have rotted away.
There is a stone staircase leading up here.
You climb upwards.
There is a stone staircase leading down here.
Things that are here:
a stone; a +0 short sword You see here a stone.
You see here a stone.
There is an open door here.
There is a staircase leading out of the dungeon here.
Are you sure you want to leave the Dungeon?
This will make you lose the game!
You have escaped!

#.###########.##....(.
#.# #..((.)'...... #.#
#.######...... #.# #.#
#...... #.# #.#
#...... #.#######.#
#...... #.#.....#.#
#...... #.#.....#.#
#...... #.+..@..'.#
#...... ###.....###
#...... #.....#
####### #######


There were no monsters in sight!

Vanquished Creatures
  An orc warrior (D:3)
  3 orc wizards (D:3)
  3 adders
  An ooze (D:2)
  A worm (D:2)
  4 dart slugs
  10 orcs (D:3)
  A ball python (D:3)
  9 bats
  A giant cockroach (D:1)
  5 goblins
  4 hobgoblins
  2 jackals (D:1)
  A quokka (D:2)
  5 frilled lizards
  7 kobolds
  6 rats
64 creatures vanquished.

Notes
Turn   | Place    | Note
-------+----------+-------------------------------------------
     0 | D:1      | Alarkh the Demonspawn Fighter began the quest for the Orb.
     0 | D:1      | Reached XP level 1. HP: 18/18 MP: 1/1
    16 | D:1      | Reached skill level 2 in Long Blades
    54 | D:1      | Gained mutation: You are partially covered in sharp spines.
                  | [demonic ancestry]
    54 | D:1      | Reached XP level 2. HP: 19/24 MP: 2/2
   131 | D:1      | Reached skill level 3 in Long Blades
   269 | D:1      | Reached XP level 3. HP: 27/29 MP: 3/3
   794 | D:2      | Found a stormy altar of Qazlal.
  1076 | D:2      | Reached skill level 4 in Long Blades
  1076 | D:2      | Reached XP level 4. HP: 33/35 MP: 4/4
  1480 | D:2      | Found a sacrificial altar of Ru.
  2111 | D:3      | Reached XP level 5. HP: 41/41 MP: 5/5
  2120 | D:3      | Reached skill level 5 in Long Blades
  2271 | D:3      | Noticed an orc warrior
  2278 | D:3      | Killed an orc warrior
  2291 | D:3      | Gained mutation: When seriously injured, your bleeding
                  | wounds create armour. (AC +0) [demonic ancestry]
  2291 | D:3      | Reached XP level 6. HP: 31/47 MP: 6/6
  2394 | D:$      | Got out of the dungeon alive.

Levels and vault maps discovered:
D:1:      minmay_arrival_checkered_box, layout_basic, serial_park_tiny_1,
          roderic_nine_men_s_morris, minmay_distorted
D:2:      layout_loops_corners, nicolae_ru_path_of_blood, old_standard_altar
D:3:      layout_rooms

Skill      XL: |  1  2  3  4  5 |
---------------+----------------+-----
Long Blades    | 2 3 4 5 |  5.9
Fighting       | |  3.0
Armour         | |  2.6
Shields        | |  2.6

Action                   |  1- 3 |  4- 6 || total
-------------------------+-------+-------++-------
Melee: Long sword        |    94 |    49 ||   143
  Use: Potion            |     1 |     1 ||     2
  Eat: Chunk             |     1 |     4 ||     5
Armor: Scale mail        |    48 |    16 ||    64
Dodge: Dodged            |    28 |     8 ||    36
Block: Kite shield       |    46 |    17 ||    63
       Rpst.: Long sword |     8 |     4 ||    12

Table legend:
 A = Non-vault XP
 B = Vault XP
 C = Vault XP percentage of total XP
 D = Non-vault monster count
 E = Vault monster count
 F = Vault count percentage of total count
                 A         B        C        D         E       F
            +---------+---------+-------+---------+---------+-------
      Total |     410 |       4 |   1.0 |      61 |       3 |   4.7
            +---------+---------+-------+---------+---------+-------
        D:1 |      43 |       4 |   8.5 |      23 |       3 |  11.5
        D:2 |      64 |       0 |   0.0 |      18 |       0 |   0.0
        D:3 |     303 |       0 |   0.0 |      20 |       0 |   0.0
            +---------+---------+-------+---------+---------+-------
